Map: Defender's Landing LE

Players

Biscuits - Winner!

  • Race: Terran Terran
  • League: Diamond
  • Spawn Location: 1:00

WizardofAus

  • Race: Protoss Protoss
  • League: Master
  • Spawn Location: 7:00

VOD

Have the link to the VOD?

Description

Time

  • Played on: July 29, 2017, 6:49 p.m.
  • Length: 13:43
Show
View Real Time Build Order
Export as new Build Order

Biscuits Terran - Winner!

Build Orders: Reaper Expand, MMM Bio 

Get SALT Encoding   

  12  0:00  SCV  
  13  0:13  SCV  
  14  0:17  Supply Depot  
  14  0:25  SCV  
  15  0:28  Refinery  
  15  0:39  SCV  
  16  0:46  Barracks  
  16  0:51  SCV  
  17  1:03  SCV  
  18  1:17  SCV  
  19  1:33  Orbital Command  
  19  1:34  Reaper  
  20  1:51  Command Center  
  20  2:04  Factory  
  20  2:14  SCV  
  21  2:18  Refinery, Barracks Reactor  
  21  2:23  Supply Depot  
  21  2:29  SCV  
  22  2:46  SCV  
  23  2:53  Starport  
  23  3:00  Hellion  
  23  3:01  Hellion  
  23  3:03  SCV, Barracks Tech Lab  
  28  3:06  Orbital Command  
  28  3:21  Marine, Widow Mine x2  
  33  3:29  SCV  
  34  3:38  Medivac  
  31  3:58  SCV  
  31  4:01  SCV  
  36  4:11  SCV  
  36  4:13  SCV  
  36  4:14  Marine x2  
  36  4:15  Siege Tank  
  40  4:19  Liberator  
  40  4:21  Barracks x2  
  39  4:32  SCV x2  
  39  4:34  Marine  
  39  4:35  Marine  
  46  4:45  Supply Depot  
  46  4:59  Factory Reactor  
  46  5:05  Engineering Bay  
  46  5:06  SCV x2, Marine x2  
  50  5:09  Supply Depot  
  50  5:18  SCV  
  51  5:21  Barracks Tech Lab x2  
  51  5:22  Starport Reactor  
  51  5:24  SCV, Marine x2  
  54  5:31  SCV  
  54  5:33  Missile Turret  
  55  5:36  Missile Turret, SCV  
  55  5:37  Widow Mine x2, Supply Depot  
  56  5:43  SCV, Marine x2  
  56  5:44  Marauder  
  56  5:45  Stimpack, Combat Shields  
  61  5:52  SCV  
  62  5:58  SCV  
  62  5:59  Marauder  
  62  6:00  Supply Depot  
  62  6:01  Marine x2  
  62  6:02  Medivac  
  69  6:13  SCV  
  69  6:17  Refinery  
  70  6:21  SCV, Widow Mine x2  
  70  6:25  Refinery  
  75  6:26  Supply Depot  
  75  6:29  Marine  
  75  6:30  Command Center, Marine  
  75  6:31  Marine  
  78  6:47  Marine  
  78  6:52  Marine x2  
  78  6:53  Marauder, Widow Mine  
  85  6:58  Supply Depot  
  85  7:12  Marine  
  86  7:19  SCV, Marine, Widow Mine, Medivac x2  
  94  7:32  Supply Depot  
  93  7:42  Marauder  
  93  7:43  Marine x2  
  97  7:44  Concussive Shells  
  97  7:45  Marine, Widow Mine  
  97  7:49  Widow Mine  
  102  7:55  Barracks  
  102  7:56  Barracks, Terran Infantry Weapons Level 1  
  102  7:58  Engineering Bay  
  102  7:59  Armory  
  86  8:09  SCV x2  
  86  8:10  Orbital Command  
  85  8:13  Supply Depot  
  85  8:14  Widow Mine  
  85  8:18  Liberator x2, Widow Mine  
  86  8:21  Marauder, SCV, Marine  
  90  8:34  Marine x2  
  91  8:37  Supply Depot  
  91  8:38  SCV x2  
  91  8:41  Refinery  
  100  8:43  Marauder  
  100  8:45  Marine  
  100  8:46  Marine, Widow Mine  
  107  8:52  Terran Vehicle Weapons Level 1, Marauder, Supply Depot  
  107  8:54  SCV  
  107  8:55  SCV  
  111  8:56  Marine  
  111  8:58  Refinery, Barracks Reactor  
  111  9:03  Marine  
  111  9:05  Liberator  
  95  9:20  Marine  
  95  9:21  Marauder, Marine x2, Widow Mine x2  
  105  9:32  Marine  
  105  9:36  SCV x3  
  105  9:38  Marine x3, Terran Infantry Armor Level 1  
  105  9:39  Marauder  
  108  9:48  SCV  
  108  9:49  SCV  
  108  9:50  SCV  
  111  9:55  Terran Infantry Weapons Level 2  
  111  9:57  Marine x2  
  111  9:58  Marauder, Widow Mine x2  
  119  10:00  SCV  
  119  10:02  SCV, Marine  
  119  10:03  Marauder, Marine  
  120  10:15  Liberator  
  120  10:31  Marauder, Marine x5, Widow Mine  
  120  10:32  Marauder, Widow Mine  
  120  10:34  SCV x2  
  138  10:38  Supply Depot  
  138  10:39  SCV  
  138  10:42  Medivac  
  141  10:50  Marine  
  141  10:55  Command Center  
  141  10:59  Marauder x2, SCV, Marine  
  141  11:00  Missile Turret  
  146  11:12  Marine x3  
  146  11:17  Marine  
  149  11:21  Missile Turret  
  149  11:23  Marine  
  149  11:30  Liberator  
  149  11:33  Supply Depot  
  149  11:36  Marine x2  
  149  11:37  Liberator  
  149  11:38  SCV x2, Marine  
  148  11:40  Widow Mine  
  148  11:43  Marauder  
  148  11:46  Marauder, Widow Mine  
  148  11:56  SCV x2  
  148  11:58  Marine x2  
  155  12:09  Supply Depot  
  155  12:10  Marauder x2, Marine x3  
  162  12:28  Marine x2, Widow Mine x2  
  168  12:30  SCV, Medivac  
  168  12:35  Marauder, Marine x3  
  171  12:37  Medivac  
  173  12:48  SCV x2, Supply Depot  
  173  12:50  Orbital Command  
  175  12:53  Sensor Tower  
  175  12:54  Marine x3  
  175  12:55  Marauder  
  180  13:09  Marauder, Marine, Medivac x2  
  180  13:12  Marine  
  188  13:13  Marine  
Show
View Real Time Build Order
Export as new Build Order

WizardofAus Protoss 

Build Orders: 1 Gate Expand, Oracle Opening 

Get SALT Encoding   

  12  0:01  Probe (Chrono Boost)  
  13  0:11  Probe (Chrono Boost)  
  14  0:19  Pylon  
  14  0:22  Probe (Chrono Boost)  
  15  0:37  Probe (Chrono Boost)  
  15  0:38  Gateway  
  16  0:47  Probe (Chrono Boost)  
  16  0:49  Assimilator  
  17  0:58  Probe (Chrono Boost)  
  18  1:08  Probe (Chrono Boost)  
  19  1:22  Nexus  
  20  1:25  Probe (Chrono Boost)  
  20  1:35  Cybernetics Core  
  20  1:38  Probe (Chrono Boost)  
  21  1:46  Assimilator  
  21  1:49  Probe (Chrono Boost)  
  22  2:01  Pylon, Probe (Chrono Boost)  
  23  2:19  Adept (Chrono Boost), Probe (Chrono Boost)  
  26  2:29  Stargate  
  26  2:32  Warp Gate  
  26  2:33  Probe  
  26  2:35  Probe  
  28  2:43  Adept (Chrono Boost)  
  29  2:45  Probe  
  30  2:53  Probe  
  31  3:07  Adept (Chrono Boost)  
  33  3:15  Oracle (Chrono Boost)  
  33  3:19  Probe  
  36  3:20  Probe  
  38  3:42  Probe  
  38  3:43  Probe  
  43  3:55  Oracle (Chrono Boost)  
  43  3:58  Nexus  
  43  4:00  Probe  
  43  4:01  Mothership Core  
  42  4:07  Gateway  
  42  4:14  Gateway  
  42  4:23  Pylon  
  39  4:27  Phoenix (Chrono Boost)  
  39  4:30  Probe  
  42  4:32  Pylon  
  42  4:34  Probe  
  42  4:35  Pylon  
  43  4:48  Probe  
  43  4:49  Probe  
  45  4:53  Twilight Council  
  45  4:59  Adept  
  47  5:00  Probe  
  47  5:02  Probe  
  49  5:10  Probe  
  49  5:11  Adept  
  49  5:12  Robotics Facility  
  49  5:14  Probe  
  45  5:21  Probe x2  
  45  5:23  Charge (Chrono Boost)  
  47  5:30  Probe  
  47  5:32  Probe  
  49  5:36  Gateway  
  49  5:44  Probe  
  49  5:45  Probe  
  49  5:46  Zealot  
  49  5:47  Zealot  
  49  5:48  Sentry  
  57  5:54  Gateway  
  57  6:03  Immortal (Chrono Boost)  
  61  6:06  Probe  
  61  6:07  Probe  
  63  6:12  Gateway  
  63  6:17  Zealot x2  
  67  6:22  Zealot  
  69  6:26  Pylon  
  69  6:32  Pylon  
  67  6:40  Zealot x3  
  67  6:42  Observer (Chrono Boost)  
  74  6:50  Stalker  
  70  7:02  Zealot x4  
  78  7:14  Zealot  
  76  7:21  Probe  
  77  7:22  Probe  
  77  7:23  Probe  
  77  7:26  Immortal (Chrono Boost)  
  83  7:31  Zealot x2  
  87  7:41  Zealot x3  
  82  8:10  Probe x2  
  84  8:18  Zealot x2  
  92  8:21  Robotics Bay, Warp Prism (Chrono Boost)  
  92  8:22  Pylon, Probe  
  92  8:23  Blink, Probe x2  
  93  8:29  Pylon  
  93  8:31  Pylon  
  93  8:39  Probe x2  
  90  8:53  Zealot x5, Stalker  
  102  8:59  Pylon  
  98  9:02  Assimilator  
  98  9:04  Assimilator  
  80  9:19  Zealot x2  
  80  9:20  Zealot  
  80  9:22  Zealot, Stalker x2  
  92  9:25  Immortal (Chrono Boost)  
  96  9:44  Pylon, Probe x2  
  96  9:45  Assimilator, Pylon  
  92  9:46  Assimilator  
  92  9:50  Oracle  
  95  9:54  Stalker x3  
  95  9:56  Zealot x3  
  107  10:01  Nexus  
  105  10:29  Probe x2  
  107  10:37  Adept  
  107  10:38  Adept  
  107  10:42  Pylon  
  111  10:46  Probe  
  112  10:51  Probe  
  112  10:52  Pylon  
  112  10:53  Probe  
  112  10:55  Pylon  
  116  11:06  Zealot  
  116  11:07  Zealot x5  
  120  11:28  Stalker x4  
  102  11:42  Zealot x2  
  94  11:49  Colossus (Chrono Boost)  
  94  11:53  Zealot x4  
  96  11:59  Probe  
  96  12:00  Probe  
  96  12:01  Probe x2  
  97  12:11  Probe  
  98  12:16  Stalker x3  
  98  12:17  Pylon, Probe  
  98  12:18  Pylon  
  98  12:19  Probe  
  101  12:26  Pylon  
  101  12:35  Colossus (Chrono Boost)  
  101  12:37  Probe x2  
  101  12:38  Probe x2  
  111  12:48  Forge  
  111  12:49  Forge  
  111  12:51  Stalker x4  
  111  12:54  Sentry x2  
  123  13:17  Stalker x5  
  133  13:33  Zealot  
Tags
 
Add a new tag
Caveats
  • Supply blocks, unpowered buildings, or Contaminate may cause inaccurate times.
  • Supply counts are checked every 10 seconds.